 Dungeon Crawl Stone Soup version 0.17-a0-1840-g87820a2 (webtiles) character file.

82068 slowcore the Severer (level 15, -2/144 HPs)
             Began as a Minotaur Fighter on Sept 16, 2015.
             Was the Champion of Cheibriados.
             Slain by an orc warrior
             ... wielding a +0 scimitar
             ... led by an orc warlord
              (10 damage)
             ... on level 4 of the Orcish Mines on Sept 17, 2015.
             The game lasted 00:53:06 (23183 turns).

slowcore the Severer (Minotaur Fighter)            Turns: 23183, Time: 00:53:07

Health: -2/144     AC: 32    Str: 42    XL:     15   Next: 28%
Magic:  23/23      EV: 10    Int: 20    God:    Cheibriados [******]
Gold:   2768       SH:  0    Dex: 25    Spells: 3 memorised, 6 levels left

rFire  . . .     SeeInvis +     a - +0 broad axe
rCold  . . .     Clarity  .     c - +7 plate armour of Cowardice {rElec rPois rN+}
rNeg   + . .     SustAt   .     (no shield)
rPois  +         Gourm    .     W - +1 hat {SInv}
rElec  +         Spirit   .     G - +1 cloak
rCorr  .         Warding  .     (no gloves)
rMut   .         Stasis   .     (no boots)
MR     +....                    (no amulet)
Stlth  ..........               X - +5 ring of protection
                                Y - ring of poison resistance

@: very slow, somewhat resistant to hostile enchantments, extremely unstealthy
A: retaliatory headbutt, horns 2
a: Bend Time, Temporal Distortion, Slouch, Step From Time, Renounce Religion


You were on level 4 of the Orcish Mines.
You worshipped Cheibriados.
Cheibriados was exalted by your worship.
You were not hungry.

You visited 3 branches of the dungeon, and saw 23 of its levels.
You also visited: Labyrinth and Sewer.

You collected 2923 gold pieces.
You spent 155 gold pieces at shops.

Inventory:

Hand weapons
 a - a +0 broad axe (weapon)
 b - the +3 spear of Equilibrium {freeze, rPois rN+ Int-2}
   (You found it on level 9 of the Dungeon)

   It has been specially enchanted to freeze those struck by it, causing extra
   injury to most foes and up to half again as much damage against particularly
   susceptible opponents.
   It can also slow down cold-blooded creatures.
   It affects your intelligence (-2).
   It protects you from poison.
   It protects you from negative energy.
Armour
 c - the +7 plate armour of Cowardice (worn) {rElec rPois rN+}
   (You found it in a labyrinth)

   It insulates you from electricity.
   It protects you from poison.
   It protects you from negative energy.
 p - a +3 plate armour of cold resistance
 G - a +1 cloak (worn)
 W - a +1 hat of see invisible (worn)
Jewellery
 l - an uncursed ring of teleportation
 n - an uncursed amulet of resist mutation
 o - an uncursed ring of protection from fire
 s - an uncursed ring of wizardry
 N - an uncursed ring of positive energy
 T - an uncursed ring of see invisible
 X - a +5 ring of protection (right hand)
 Y - a ring of poison resistance (left hand)
Magical devices
 h - a wand of digging (16)
 r - a wand of confusion (2)
 A - a wand of enslavement (1)
 L - a wand of digging (17)
 U - a wand of confusion (24)
Scrolls
 i - 3 scrolls of enchant weapon
 j - 5 scrolls of recharging
 q - 2 scrolls of identify
 w - 2 scrolls of enchant armour
 y - 2 scrolls of fog
 E - 3 scrolls of teleportation
 J - 3 scrolls of blinking
 M - 4 scrolls of remove curse
Potions
 g - 6 potions of flight
 k - 9 potions of heal wounds
 m - 5 potions of lignification
 z - a potion of brilliance
 B - 3 potions of magic
 C - 12 potions of curing
 F - 3 potions of ambrosia
 I - 2 potions of agility
Books
 d - a book of Burglary

   Spells                             Type                      Level
   a - Swiftness                      Charms/Air                   2
   b - Passwall                       Transmutation/Earth          3
   c - Passage of Golubria            Translocation                4
   d - Lee's Rapid Deconstruction     Earth                        5
   e - Darkness                       Hexes                        6
   f - Invisibility                   Hexes                        6
 x - a book of Frost

   Spells                             Type                      Level
   a - Freeze                         Ice                          1
   b - Throw Frost                    Conjuration/Ice              2
   c - Ozocubu's Armour               Charms/Ice                   3
   d - Throw Icicle                   Conjuration/Ice              4
   e - Summon Ice Beast               Ice/Summoning                4
   f - Condensation Shield            Ice                          4
 D - a book of Cantrips

   Spells                             Type                      Level
   a - Corona                         Hexes                        1
   b - Animate Skeleton               Necromancy                   1
   c - Summon Small Mammal            Summoning                    1
   d - Apportation                    Translocation                1
 K - a Necronomicon

   Spells                             Type                      Level
   a - Haunt                          Necromancy/Summoning         7
   b - Borgnjor's Revivification      Necromancy                   8
   c - Death's Door                   Charms/Necromancy            8
   d - Necromutation                  Transmutation/Necromancy     8
 Q - a book of Enchantments

   Spells                             Type                      Level
   a - Cause Fear                     Hexes                        4
   b - Silence                        Hexes/Air                    5
   c - Deflect Missiles               Charms/Air                   6
   d - Haste                          Charms                       6
   e - Discord                        Hexes                        8
 V - a book of Alchemy

   Spells                             Type                      Level
   a - Sublimation of Blood           Necromancy                   2
   b - Ignite Poison                  Fire/Transmutation/Poison    3
   c - Alistair's Intoxication        Transmutation/Poison         4
   d - Condensation Shield            Ice                          4
   e - Petrify                        Transmutation/Earth          4
   f - Irradiate                      Conjuration/Transmutation    5
 Z - a book of Changes

   Spells                             Type                      Level
   a - Beastly Appendage              Transmutation                1
   b - Sticks to Snakes               Transmutation                2
   c - Spider Form                    Transmutation/Poison         3
   d - Ice Form                       Ice/Transmutation            4
   e - Blade Hands                    Transmutation                5
Comestibles
 e - 14 bread rations
 f - a royal jelly
 t - 4 beef jerkies
 u - 5 slices of pizza
 v - 14 fruits
 S - 7 meat rations


   Skills:
 * Level 16.0 Fighting
 - Level 18.1 Axes
 + Level 14.9 Armour
 + Level 1.3 Dodging
   Level 3.6 Shields
 - Level 12.4 Invocations


You had 6 spell levels left.
You knew the following spells:

 Your Spells              Type           Power        Failure   Level  Hunger
a - Apportation           Tloc           #.........   69%         1    ##.....
b - Summon Butterflies    Summ           #.......     69%         1    ##.....
c - Deflect Missiles      Chrm/Air       #.........   100%        6    #######


Dungeon Overview and Level Annotations

Branches:
Dungeon (11/15)            Temple (0/1) D:4            Lair (8/8) D:8
 Shoals (0/4) Lair:4       Spider (0/4) Lair:6        Slime (0/6) Lair:8
    Orc (4/4) D:11            Elf (0/3) Orc:4

Altars:
Ashenzari
Cheibriados
Dithmenos
Fedhas
Gozag
Makhleb
Nemelex Xobeh
Okawaru
Qazlal
Xom
Beogh

Shops:
D:4 %   Orc:4 *


Innate Abilities, Weirdness & Mutations

You reflexively headbutt those who attack you in melee.
You have a pair of horns on your head.


Message History

You kill the ynoxinul!
You slash the blue devil!
You kill the blue devil!
You slice the sun demon!!
The sun demon is heavily wounded.
Your plate armour of Cowardice prevents you from hitting the orc warrior.
The orc warrior is heavily wounded.
The ufetubus disappears in a puff of smoke! x2
You hit the orc high priest. You headbutt the orc high priest!!
The orc high priest is almost dead.
You hit the orc warrior.
The orc warrior is heavily wounded.
You hit the sun demon.
The sun demon is severely wounded.
The sun demon hits you!
* * * LOW HITPOINT WARNING * * *
You are engulfed in flames!
* * * LOW HITPOINT WARNING * * *
The orc warrior hits you with a scimitar!
You die...

### ##..........)...†..... #.##
#####.............#..#.... ...#
##.#................##.....
#.#####.............#.....#......
#.#.##.#.........................
.................................
#................................
###.##.........§oo.8.8...........
##.##.....)..§.@3)).............
#......#..#...).##o)'##.........
##.##.##......###)))..###..#.#..
########.##.## #8...8# ##.###..
###..# ##o..## #.####. #)..#
#oo.# #..#### ##..# '...4 #...# #
##.#.# #oo.#. #..#### #<...#
#.8o### #....#.


You could see an orc high priest, a sun demon and 2 orc warriors.

Vanquished Creatures
  Gastronok (Lair:3)
  Kirke (Lair:8)
  Maud (Lair:3)
  A minotaur (Lab)
  Josephine (Lair:5)
  8 hydras
  Erolcha (Orc:3)
  3 death yaks (Lair:8)
  A queen ant (Lair:1)
  7 hill giants
  An unseen horror (D:7)
  A lindwurm (Lair:5)
  An ugly thing (D:11)
  2 wolf spiders (Orc:2)
  3 orc knights
  An orc sorcerer (Orc:4)
  2 griffons
  18 elephants
  Maurice (D:9)
  4 black mambas
  15 spiny frogs
  3 fire drakes
  6 komodo dragons
  A spriggan druid (Lair:8)
  10 polar bears
  4 trolls
  Prince Ribbit (D:6)
  A minotaur skeleton (Lab)
  8 blink frogs (Lair:4)
  A shadow (D:11)
  A redback (Lair:8)
  The ghost of hypnagogic the Magician, an average DECj (D:5)
  4 hippogriffs
  5 wraiths (Lair:5)
  12 spriggans
  2 tarantellas (Orc:2)
  3 hungry ghosts
  2 basilisks
  A wyvern (D:7)
  3 fire bats (Lair:4)
  A hill giant zombie (D:11)
  Grum (D:11)
  60 yaks
  6 hogs (Lair:7)
  45 wolves
  20 soldier ants (Lair:1)
  14 porcupines
  16 water moccasins
  Duvessa (D:5)
  2 necrophages
  3 wargs (Orc:4)
  3 sky beasts
  21 orc warriors
  6 spiders (Lair:6)
  An eye of draining (D:9)
  6 wasps
  6 black bears
  4 phantoms
  11 centaurs
  8 ogres
  16 crocodiles
  2 big kobolds
  20 giant frogs
  A brain worm (Lair:6)
  A wyvern skeleton (D:9)
  Dowan (D:5)
  A troll zombie (D:11)
  4 scorpions
  2 troll skeletons (Lab)
  7 wights
  5 crimson imps
  2 electric eels (Lair:6)
  5 jellies
  28 orc wizards
  3 giant frog zombies
  24 orc priests
  8 hounds
  2 quasits (D:10)
  3 giant frog skeletons
  5 hell rats (Lair:3)
  13 iguanas
  22 worker ants
  A killer bee zombie (D:9)
  8 sheep (Lair:5)
  4 ogre zombies (D:11)
  3 worker ant zombies
  13 adders
  A shadow imp (D:6)
  121 river rats
  2 oozes
  An adder skeleton (D:9)
  An adder zombie (D:6)
  2 worms
  5 giant geckos
  184 orcs
  5 giant cockroaches
  10 goblins
  14 hobgoblins
  8 jackals
  2 quokkas
  7 bats
  A giant gecko skeleton (D:4)
  3 giant newts
  A goblin skeleton (D:11)
  2 goblin zombies (D:11)
  3 hobgoblin zombies (D:11)
  17 kobolds
  3 orc skeletons (D:11)
  10 orc zombies (D:11)
  8 rats
  8 fungi
  A plant (Lair:7)
1002 creatures vanquished.

Vanquished Creatures (others)
  A redback (Lair:8)
  A river rat (Lair:8)
  2 bushes
  68 fungi
  19 plants
91 creatures vanquished.

Grand Total: 1093 creatures vanquished

Notes
Turn   | Place    | Note
--------------------------------------------------------------
     0 | D:1      | slowcore the Minotaur Fighter began the quest for the Orb.
     0 | D:1      | Reached XP level 1. HP: 19/19 MP: 0/0
   121 | D:1      | Reached XP level 2. HP: 16/26 MP: 1/1
   581 | D:1      | Reached skill level 4 in Axes
   762 | D:1      | Reached XP level 3. HP: 26/31 MP: 2/2
   912 | D:2      | Found a shattered altar of Ashenzari.
  1021 | D:2      | Reached skill level 5 in Axes
  1229 | D:2      | Found a snail-covered altar of Cheibriados.
  1245 | D:2      | Became a worshipper of Cheibriados the Contemplative
  1534 | D:2      | Found an opulent altar of Gozag.
  1534 | D:2      | Found a stormy altar of Qazlal.
  1571 | D:2      | Reached XP level 4. HP: 35/39 MP: 3/3
  1603 | D:3      | Found a shimmering altar of Xom.
  1629 | D:3      | Found a blossoming altar of Fedhas.
  1685 | D:3      | Reached skill level 6 in Axes
  1767 | D:3      | Reached XP level 5. HP: 33/45 MP: 4/4
  1787 | D:3      | Found a glowing drain.
  1797 | Sewer    | Entered a sewer
  1806 | Sewer    | Acquired Cheibriados's first power
  1862 | Sewer    | Reached skill level 7 in Axes
  1982 | Sewer    | Found a white marble altar of Elyvilon.
  2374 | D:3      | Reached XP level 6. HP: 41/51 MP: 5/5
  2775 | D:4      | Found a staircase to the Ecumenical Temple.
  2850 | D:4      | Found a sparkling altar of Nemelex Xobeh.
  2908 | D:4      | Reached skill level 8 in Axes
  3052 | D:4      | Noticed a water moccasin
  3060 | D:4      | Killed a water moccasin
  3060 | D:4      | Reached skill level 9 in Axes
  3262 | D:4      | Found Munouzuo's Food Emporium.
  3267 | D:4      | Reached XP level 7. HP: 51/57 MP: 6/6
  3468 | D:5      | Entered Level 5 of the Dungeon
  3468 | D:5      | Noticed Duvessa
  3469 | D:5      | Noticed Dowan
  3477 | D:5      | Killed Dowan
  3481 | D:5      | Killed Duvessa
  3746 | D:5      | Reached skill level 10 in Axes
  4118 | D:5      | Noticed hypnagogic's ghost (average DECj)
  4128 | D:5      | Killed hypnagogic's ghost
  4128 | D:5      | Reached skill level 11 in Axes
  4128 | D:5      | Reached XP level 8. HP: 52/64 MP: 7/7
  4683 | D:6      | Noticed Prince Ribbit
  4896 | D:6      | Acquired Cheibriados's second power
  4904 | D:6      | Killed Prince Ribbit
  4904 | D:6      | Reached skill level 12 in Axes
  5145 | D:6      | Reached skill level 13 in Axes
  5263 | D:7      | You fall through a shaft for 2 floors!
  5263 | D:9      | Noticed Maurice
  5271 | D:9      | Killed Maurice
  5271 | D:9      | Reached XP level 9. HP: 44/70 MP: 8/8
  5284 | D:9      | Acquired Cheibriados's third power
  5294 | D:9      | Found a roughly hewn altar of Beogh.
  5586 | D:9      | Reached skill level 5 in Armour
  5601 | D:8      | Found a shadowy altar of Dithmenos.
  5623 | D:9      | Noticed a hill giant
  5635 | D:9      | Killed a hill giant
  5635 | D:9      | Reached skill level 14 in Axes
  5635 | D:9      | Reached skill level 1 in Invocations
  5671 | D:8      | Found a burning altar of Makhleb.
  5874 | D:7      | Killed an unseen horror
  5892 | D:8      | Acquired Cheibriados's fourth power
  6683 | D:8      | Noticed an Executioner
  6698 | D:8      | Reached XP level 10. HP: 77/77 MP: 11/11
  6806 | D:8      | Found a staircase to the Lair.
  6891 | D:9      | Reached skill level 15 in Axes
  6968 | D:9      | Got a scorched spear
  6969 | D:9      | Identified the cursed +3 spear of Equilibrium {freeze, rPois rN+ Int-2} (You found it on level 9 of the Dungeon)
  6992 | D:9      | Found an iron altar of Okawaru.
  7354 | D:9      | Got a twisted spear
  7355 | D:9      | Identified the +2 spear of Superiority {distort, rElec} (You found it on level 9 of the Dungeon)
  7406 | D:10     | Entered Level 10 of the Dungeon
  7415 | D:10     | Noticed a hill giant
  7419 | D:10     | Killed a hill giant
  7569 | D:10     | Reached skill level 5 in Invocations
  7951 | D:10     | Noticed a hill giant
  7956 | D:10     | Killed a hill giant
  8016 | D:10     | Reached skill level 16 in Axes
  8321 | D:10     | Noticed a hill giant
  8326 | D:10     | Killed a hill giant
  8465 | D:10     | Noticed a hill giant
  8473 | D:10     | Killed a hill giant
  8473 | D:10     | Reached XP level 11. HP: 66/84 MP: 14/14
  8987 | Lair:1   | Entered Level 1 of the Lair of Beasts
  9141 | Lair:1   | Noticed a queen ant
  9154 | Lair:1   | Reached skill level 5 in Fighting
  9162 | Lair:1   | Killed a queen ant
 10547 | Lair:1   | Noticed a five-headed hydra
 10556 | Lair:1   | Killed a five-headed hydra
 11010 | Lair:1   | Reached skill level 10 in Armour
 11447 | Lair:2   | Found an opulent altar of Gozag.
 11492 | Lair:2   | Reached XP level 12. HP: 93/105 MP: 16/16
 11629 | Lair:2   | Learned a level 1 spell: Apportation
 12120 | Lair:3   | Noticed Gastronok
 12161 | Lair:3   | Reached skill level 10 in Fighting
 12389 | Lair:3   | Found a labyrinth entrance.
 12406 | Lab      | Entered a labyrinth
 12452 | Lab      | Found an exit through the horrors of the Abyss.
 12808 | Lab      | Noticed a minotaur
 12820 | Lab      | Killed a minotaur
 12827 | Lab      | Got a blackened plate armour
 12835 | Lab      | Learned a level 1 spell: Summon Butterflies
 12844 | Lab      | Learned a level 6 spell: Deflect Missiles
 12844 | Lab      | Identified the +7 plate armour of Cowardice {rElec rPois rN+} (You found it in a labyrinth)
 12894 | Lair:3   | Noticed Maud
 12911 | Lair:3   | Killed Maud
 13017 | Lair:3   | Noticed a four-headed hydra
 13028 | Lair:3   | Killed a four-headed hydra
 13520 | Lair:3   | Killed Gastronok
 13921 | Lair:4   | Found a staircase to the Shoals.
 14143 | Lair:4   | Noticed an eight-headed hydra
 14153 | Lair:4   | Killed an eight-headed hydra
 14199 | Lair:4   | Reached XP level 13. HP: 94/119 MP: 19/19
 15053 | Lair:5   | Reached skill level 10 in Invocations
 15077 | Lair:5   | Noticed Josephine
 15096 | Lair:5   | Killed Josephine
 16240 | Lair:6   | Reached skill level 15 in Fighting
 16276 | Lair:6   | Found a hole to the Spider Nest.
 16672 | Lair:7   | Reached XP level 14. HP: 131/135 MP: 21/21
 17156 | Lair:7   | Found a shimmering altar of Xom.
 17753 | Lair:8   | Entered Level 8 of the Lair of Beasts
 18027 | Lair:8   | Found a staircase to the Slime Pits.
 18203 | Lair:8   | Noticed Kirke
 18417 | Lair:8   | Killed Kirke
 18775 | Lair:8   | Reached skill level 17 in Axes
 20193 | D:11     | Found a staircase to the Orcish Mines.
 20201 | D:11     | Reached XP level 15. HP: 132/143 MP: 23/23
 20364 | D:11     | Noticed Grum
 20389 | D:11     | Killed Grum
 20835 | D:11     | Found a roughly hewn altar of Beogh.
 20997 | Orc:1    | Entered Level 1 of the Orcish Mines
 21759 | Orc:2    | Reached skill level 18 in Axes
 22211 | Orc:3    | Noticed Erolcha
 22222 | Orc:3    | Killed Erolcha
 22647 | Orc:4    | Entered Level 4 of the Orcish Mines
 22669 | Orc:4    | Found a staircase to the Elven Halls.
 22738 | Orc:4    | Found a roughly hewn altar of Beogh.
 22991 | Orc:4    | Found a roughly hewn altar of Beogh.
 23000 | Orc:4    | Found Luugruy's Assorted Antiques.
 23108 | Orc:4    | Bought a potion of heal wounds for 155 gold pieces
 23161 | Orc:4    | Reached skill level 1 in Dodging
 23183 | Orc:4    | Slain by an orc warrior

Vault maps used:
D:1:      roderic_crop_circles_arrival_small
D:2:      ashenzari_conservatory_becter, old_standard_altar,
          gammafunk_temple_overflow_elements, minmay_stone_trees_small
D:3:      lemuel_doored_altar, lemuel_round_altar, gup_sewer_entry_bubbles
D:4:      nemelex_deck, minmay_temple_entry_trees, serial_shops,
          kennysheep_mini_moat
D:5:      first_bread, roderic_lattice_a, st_stairs_4, uniq_duvessa
D:6:      st_stairs_6, uniq_prince_ribbit1
D:8:      nicolae_overflow_hidden_temple, makhleb_altar_promises_db,
          lair_0_dummy, serial_shops, nicolae_shop_stone
D:9:      kennysheep_little_box, special_room, the_bakery, st_stairs_5,
          uniq_maurice
D:10:     minmay_misc_feat_square, minmay_orc_keep
D:11:     zombieorc1_lemuel, special_room, uniq_grum
Lair:1:   small_statue_intersection, minivault_29, infiniplex_staircase_pool_2
Lair:2:   basic_altar
Lair:3:   lab_entry_generic, hangedman_lair_generics_rect, uniq_maud,
          uniq_gastronok
Lair:4:   minmay_shoals_entry_centaurs, nicolae_volcano_entry_batcave,
          serial_bayou_shore_b
Lair:5:   uniq_josephine
Lair:6:   nicolae_spider_entry_tight_spaces, serial_bayou, serial_bayou_ford_a,
          serial_bayou_shore_b, serial_bayou_shore_a, serial_bayou_pond_b,
          st_stairs_9
Lair:7:   lemuel_centaur_altar, grunt_megastairs_2
Lair:8:   minmay_lair_end_enchanted_forest, nicolae_slime_entry_slimehenge,
          uniq_kirke
Orc:2:    nicolae_orc_accident_3
Orc:3:    serial_shops, nicolae_orc_pool_cavern, uniq_erolcha
Orc:4:    grunt_orc_community_town_hall, grunt_orc_community_big_house_1,
          grunt_orc_community_big_house_2, grunt_orc_community_house_3,
          grunt_orc_community_house_1, grunt_orc_community_house_2,
          grunt_orc_community_house_2
Lab:      labyrinth_hidden_loot, nicolae_lab_hexagon, nicolae_lab_t_cross,
          nicolae_lab_blocks, nicolae_lab_arrow, lab_statue, nicolae_lab_garden,
          nicolae_lab_lava, labyrinth_fake_exit, nicolae_lab_x
Sewer:    sewer_kobolds

Action                   |  1- 3 |  4- 6 |  7- 9 | 10-12 | 13-15 || total
-------------------------+-------+-------+-------+-------+-------++-------
Melee: War axe           |    91 |   102 |   199 |   523 |   417 ||  1332
       Spear             |       |       |       |    21 |    31 ||    52
       Broad axe         |       |       |       |       |   673 ||   673
Invok: Temporal Distorti |       |       |       |     2 |     2 ||     4
Evoke: Wand              |       |       |       |     2 |     1 ||     3
  Use: Potion            |       |       |     4 |     2 |       ||     6
       Scroll            |       |       |       |    24 |     6 ||    30
 Stab: Confused          |       |       |       |     2 |       ||     2
  Eat: Meat ration       |     1 |       |       |     1 |       ||     2
       Chunk             |       |       |     6 |     9 |    20 ||    35
